 Dungeon Crawl Stone Soup version 0.29-a0-234-g0dae59b3db (webtiles) character file.

Game seed: 1068982080833161404

905 kr3s1m1r the Conjurer (level 8, -2/50 HPs)
             Began as an Octopode Conjurer on Mar 3, 2022.
             Was an Initiate of Gozag.
             Slain by a centaur
             ... wielding a +0 hand axe
              (4 damage)
             ... on level 5 of the Dungeon.
             The game lasted 00:17:03 (5679 turns).

kr3s1m1r the Conjurer (Octopode Conjurer)           Turns: 5679, Time: 00:17:04

Health: -2/50      AC:  1    Str:  6    XL:     8   Next: 8%
Magic:  18/23      EV: 13    Int: 23    God:    Gozag
Gold:   283        SH:  0    Dex: 16    Spells: 4/15 levels left

rFire   . . .      SeeInvis .   (no weapon)
rCold   . . .      Faith    .   (no shield)
rNeg    . . .      Spirit   .   (helmet restricted)
rPois   +          Reflect  .   f - amulet of magic regeneration
rElec   .          Harm     .   a - ring of magical power
rCorr   .          Rampage  .   o - +6 ring of dexterity
Will    .....                   s - ring of poison resistance
Stlth   +++.......              (no ring)
HPRegen 0.16/turn               (no ring)
MPRegen 0.58/turn               (no ring)
                                (no ring)
                                (no ring)

@: no status effects
A: almost no armour, amphibious, 8 rings, camouflage 1, gelatinous body 1,
(nimble swimmer 1), tentacles
a: Renounce Religion, Potion Petition, Call Merchant, Bribe Branch


You were on level 5 of the Dungeon.
You worshipped Gozag.
Gozag was aware of your devotion.
You visited 2 branches of the dungeon, and saw 6 of its levels.

You collected 462 gold pieces.
You spent 104 gold pieces at shops.
You paid 75 gold pieces to Gozag.

Inventory:

Missiles
 c - 4 throwing nets
Armour
 i - a +2 buckler
Jewellery
 a - a ring of magical power (left tentacle)
 f - an amulet of magic regeneration (around mantle)
 o - a +6 ring of dexterity (right tentacle)
 s - a ring of poison resistance (on tentacle)
 u - a ring of resist corrosion
Wands
 r - a wand of mindburst (16)
Scrolls
 b - a scroll of magic mapping {unknown}
 d - 6 scrolls of teleportation
 e - a scroll of vulnerability {unknown}
 g - 2 scrolls of holy word {unknown}
 j - a scroll of summoning
 k - a scroll of fog
 q - a scroll of immolation {unknown}
Potions
 l - a potion of invisibility {unknown}
 m - 2 potions of heal wounds {unknown}
 n - a potion of ambrosia
 p - a potion of magic {unknown}
 t - a potion of lignification {unknown}


   Skills:
 - Level 2.0 Fighting
 - Level 2.0 Dodging
 - Level 2.6 Stealth
 - Level 0.4 Shields
 + Level 4.4 Spellcasting
 * Level 7.3 Conjurations
 + Level 3.1 Hexes
 + Level 1.7 Translocations


You had 4 spell levels left.
You knew the following spells:

 Your Spells              Type           Power      Damage    Failure   Level
r - Iskenderun's Mystic   Conj/Tloc      26%        2d7       16%         4
t - Fulminant Prism       Conj/Hex       14%        3d9       12%         4
u - Searing Ray           Conj           78%        2d7       1%          2
z - Magic Dart            Conj           100%       1d8       1%          1

Your spell library contained the following spells:

 Spells                   Type           Power      Damage    Failure   Level
 Static Discharge         Conj/Air       22%        N/A       3%          2
 Dazzling Flash           Conj/Hex       58%        N/A       3%          3
 Beastly Appendage        Tmut           10%        N/A       10%         1
 Wereblood                Tmut           5%         N/A       16%         2
 Spider Form              Tmut/Pois      5%         N/A       30%         3
 Lightning Bolt           Conj/Air       11%        1d24      52%         5
 Maxwell's Capacitive Co  Air            2%         ∞         100%        8


Dungeon Overview and Level Annotations

Branches:
Dungeon (5/15)             Temple (1/1) D:4

Altars:
Ashenzari
Cheibriados
Dithmenos
Elyvilon
Fedhas
Gozag
Hepliaklqana
Kikubaaqudgha
Makhleb
Nemelex Xobeh
Okawaru
Qazlal
Ru
Sif Muna
Trog
Uskayaw
Vehumet
Wu Jian
Xom
Yredelemnul
Zin
The Shining One

Shops:
D:2 ?


Innate Abilities, Weirdness & Mutations

You cannot wear most types of armour.
You are amphibious.
You can wear up to eight rings at the same time.
Your skin changes colour to match your surroundings (Stealth+).
Your rubbery body absorbs attacks. (AC +1, EV +1)
((You are camouflaged when in or above water. (Stealth+)))
You have tentacles for arms and can constrict up to eight enemies at once.


Message History

The centaur kicks you.
* * * LOW HITPOINT WARNING * * *
The centaur completely misses you. The centaur barely misses you.
You feel better. The centaur misses you. The centaur kicks you.
The centaur hits you with a +0 hand axe.
* * * LOW HITPOINT WARNING * * *
The centaur barely misses you.
Unknown command.
Unknown command.
Casting: Searing Ray (safe; 1% risk of failure)
Confirm with . or Enter, or press ? or * to list all spells.
Aiming: Searing Ray (safe; 1% risk of failure)
Press: ? - help, Shift-Dir - straight line, f/p - centaur
Aim: a centaur, wielding a +0 hand axe and quivering stones (moderately wounded, berserk, 88% to hit)
The searing ray hits the centaur!
The centaur is severely wounded. (Press . to maintain the ray.)
The centaur misses you. The centaur kicks you.
* * * LOW HITPOINT WARNING * * *
The centaur barely misses you. The centaur closely misses you.
Casting: Searing Ray (safe; 1% risk of failure)
Confirm with . or Enter, or press ? or * to list all spells.
Restarting spell: Searing Ray (safe; 1% risk of failure)
Press: ? - help, Shift-Dir - straight line, f/p - centaur
Aim: a centaur, wielding a +0 hand axe and quivering stones (severely wounded, berserk, 88% to hit)
The searing ray hits the centaur.
The centaur is severely wounded. (Press . to maintain the ray.)
The centaur hits you with a +0 hand axe!
* * * LOW HITPOINT WARNING * * *
The centaur kicks you but does no damage.
The centaur hits you with a +0 hand axe.
* * * LOW HITPOINT WARNING * * *
The centaur kicks you but does no damage.
The centaur completely misses you. The centaur barely misses you.
The searing ray hits the centaur.
The centaur is almost dead.
The centaur misses you. The centaur kicks you.
You die...
Your body crumbles into a pile of gold.

#.. ##........#.. ###.#
#.#.####...# #...####
###.#.## #..#.
.#......###...#..###.#..
............###.........
..........### #........#
..!.......# #........#
..........# #........#
.......@..# #.........
........c.# #........#
..>.......# #........#
.........## #........#
.##.....## #........#
####### ##########


You could see a centaur (berserk).

Vanquished Creatures
  A sky beast (D:5)
  3 ogres
  A necrophage (D:4)
  A scorpion (D:5)
  A gnoll shaman (D:4)
  2 hounds
  3 iguanas
  6 adders
  11 gnolls
  A white imp (D:5)
  An ufetubus (D:4)
  3 dart slugs
  8 orcs
  8 endoplasms
  2 giant cockroaches (D:1)
  4 goblins
  8 hobgoblins
  7 jackals
  7 quokkas
  11 ball pythons
  5 bats
  3 frilled lizards
  6 kobolds
  4 rats
107 creatures vanquished.

Notes
Turn   | Place    | Note
-------+----------+-------------------------------------------
     0 | D:1      | kr3s1m1r the Octopode Conjurer began the quest for the Orb.
     0 | D:1      | Reached XP level 1. HP: 11/11 MP: 3/3
   232 | D:1      | Reached XP level 2. HP: 17/17 MP: 3/5
   239 | D:1      | Learned a level 2 spell: Searing Ray
   826 | D:1      | Reached XP level 3. HP: 17/21 MP: 0/6
   900 | D:1      | Found a faded altar of an unknown god.
  1722 | D:2      | Reached skill level 5 in Conjurations
  1722 | D:2      | Reached XP level 4. HP: 27/27 MP: 3/8
  1887 | D:2      | Found Arghimm's Magic Scroll Shop.
  1897 | D:2      | Bought a scroll of teleportation for 39 gold pieces
  1897 | D:2      | Bought a scroll of identify for 26 gold pieces
  1897 | D:2      | Bought a scroll of noise for 13 gold pieces
  1897 | D:2      | Bought a scroll of fog for 26 gold pieces
  2539 | D:3      | Learned a level 4 spell: Fulminant Prism
  2545 | D:3      | Found a broken altar of Ashenzari.
  2548 | D:3      | Found an ancient bone altar of Kikubaaqudgha.
  2884 | D:3      | Reached XP level 5. HP: 31/31 MP: 9/9
  3427 | D:3      | Found a snail-covered altar of Cheibriados.
  3436 | D:3      | Found a shimmering blue altar of Sif Muna.
  3475 | D:3      | Found a shimmering altar of Xom.
  3586 | D:4      | Reached skill level 1 in Hexes
  3655 | D:4      | Reached skill level 6 in Conjurations
  3655 | D:4      | Reached XP level 6. HP: 36/36 MP: 11/11
  4062 | D:4      | Found a staircase to the Ecumenical Temple.
  4079 | D:4      | Reached XP level 7. HP: 37/42 MP: 12/12
  4172 | Temple   | Entered the Ecumenical Temple
  4357 | Temple   | Became a worshipper of Gozag Ym Sagoz the Greedy
  4716 | D:4      | Learned a level 4 spell: Iskenderun's Mystic Blast
  5018 | D:5      | Entered Level 5 of the Dungeon
  5024 | D:5      | Reached skill level 1 in Fighting
  5319 | D:5      | Reached skill level 7 in Conjurations
  5319 | D:5      | Reached skill level 1 in Translocations
  5537 | D:5      | Reached XP level 8. HP: 50/50 MP: 14/14
  5678 | D:5      | HP: 2/50 [centaur/+0 hand axe (2)]
  5679 | D:5      | Slain by a centaur

Illustrated notes

Levels and vault maps discovered:
D:1:      saegor_arrival_simple_a, layout_basic, ebering_ecumenical_altar_rust,
          minmay_statues_item, st_stairs_11
D:2:      layout_basic, serial_shops, shop_scrolls, minmay_octomino_e4
D:3:      layout_loops_ring, nicolae_overflow_hidden_temple,
          mainiacjoe_overflow_swirl, minmay_fractal_squares_diagonal_5
D:4:      layout_basic, temple_statues, serial_bayou_lake_a
D:5:      layout_rooms, minmay_misc_feat_diagonals
Temple:   minmay_crystal_spiral_temple

Skill      XL: |  1  2  3  4  5  6  7  8 |
---------------+-------------------------+-----
Conjurations   | 5 6 7 |  7.3
Spellcasting   | 3 4 |  4.4
Hexes          | 1 2 3 |  3.1
Fighting       | 1 2 |  2.0
Translocations | 1 |  1.7
Dodging        | |  2.0
Stealth        | |  2.6
Shields        | |  0.4

Action                   |  1- 3 |  4- 6 |  7- 9 || total
-------------------------+-------+-------+-------++-------
Melee: Unarmed           |     9 |       |       ||     9
       Constrict         |     1 |       |       ||     1
       Punch             |     1 |       |       ||     1
       Tentacles         |     1 |       |       ||     1
 Cast: Magic Dart        |    67 |    89 |    46 ||   202
       Searing Ray       |     4 |     6 |    17 ||    27
  Use: Potion            |     3 |       |     1 ||     4
       Scroll            |       |     4 |       ||     4
Armor: Skin              |     1 |     1 |     5 ||     7
Dodge: Dodged            |    12 |     2 |    18 ||    32

Table legend: (Time is in decaauts)
 A = Elapsed time spent in this place.
 B = Non-inter-level travel time spent in this place.
 C = Inter-level travel time spent in this place.
 D = Time resting spent in this place.
 E = Time spent auto-exploring this place.
 F = Levels seen in this place.
 G = Mean time per level.
                   A        B        C        D        E       F      G
               +--------+--------+--------+--------+--------+-----+--------+
         Total |   5676 |   5483 |    193 |   1299 |   3233 |   6 |  946.0 |
       Dungeon |   5453 |   5339 |    114 |   1299 |   3118 |   5 | 1090.6 |
        Temple |    223 |    144 |     79 |      0 |    115 |   1 |  223.0 |
               +--------+--------+--------+--------+--------+-----+--------+

Top non-repeatable levels by time:
     D:1: 1462 daAuts
     D:4: 1271 daAuts
     D:3: 1126 daAuts
     D:2: 932 daAuts
     D:5: 660 daAuts
  Temple: 223 daAuts
